General information
- name: BNet
- type: Ladder team game (AT/RT)
- host: Battle.net
- saver: PECKS-LIKE-GOKU
map: Cherryville
- players: 8
- length: 36:54
- speed: Fast
- version: 1.26 W3XP
- replay type: Public
» download(196 KB)
Players
team 1 (winner)
SiShKeH (
purple | 36 APM | 1006 actions | 28:11)
4 Tauren Chieftain
2 Endurance Aura
2 Shockwave
1 Shadow Hunter
1 Healing Wave
» actions
| Assign group hotkey | 19 | |
| Basic commands | 74 | |
| Build / train | 44 | |
| Enter build submenu | 14 | |
| Enter hero's abilities submenu | 5 | |
| Right click | 577 | |
| Select / deselect | 179 | |
| Select group hotkey | 57 | |
| Use ability | 37 | |
1006 total
» units
| Peon | 7 | |
| Grunt | 1 | |
| Troll Headhunter/Berserker | 9 | |
| Shaman | 4 | |
21 total
» upgrades
| Ranged Weapons | 3 | |
| Armor | 2 | |
| Berserker Upgrade | 1 | |
| Shaman Training | 2 | |
| Troll Regeneration | 1 | |
| Witch Doctor Training | 1 | |
10 total
» buildings
| Orc Burrow | 5 | |
| Altar of Storms | 1 | |
| Barracks | 1 | |
| War Mill | 1 | |
| Voodoo Lounge | 1 | |
| Stronghold | 1 | |
| Fortress | 1 | |
| Spirit Lodge | 2 | |
13 total
» build order
00:09 Orc Burrow
00:13 Altar of Storms
01:06 Barracks
01:23 War Mill
01:47 Voodoo Lounge
02:02 Orc Burrow
03:31 Orc Burrow
05:40 Stronghold
08:15 Fortress
08:27 Spirit Lodge
09:23 Orc Burrow
11:10 Spirit Lodge
11:22 Orc Burrow
» items
| Scroll of Speed | 2 | |
| Healing Salve | 1 | |
3 total

»
78704 (
red | 46 APM | 1706 actions | 36:53)
4 Firelord
2 Soul Burn
2 Summon Lava Spawn
2 Shadow Hunter
1 Healing Wave
1 Hex
» actions
| Assign group hotkey | 21 | |
| Basic commands | 39 | |
| Build / train | 60 | |
| Enter build submenu | 21 | |
| Enter hero's abilities submenu | 6 | |
| Give item / drop item | 2 | |
| Remove unit from queue | 1 | |
| Right click | 476 | |
| Select / deselect | 194 | |
| Select group hotkey | 777 | |
| Use ability | 109 | |
1706 total
» units
» upgrades
| Melee Weapons | 3 | |
| Armor | 3 | |
| Pillage | 1 | |
| Berserker Strength | 1 | |
| Ensnare | 1 | |
| Pulverize | 1 | |
10 total
» buildings
| Orc Burrow | 8 | |
| Altar of Storms | 1 | |
| War Mill | 2 | |
| Barracks | 1 | |
| Voodoo Lounge | 1 | |
| Stronghold | 1 | |
| Fortress | 1 | |
| Beastiary | 1 | |
| Great Hall | 4 | |
| Tauren Totem | 1 | |
21 total
» build order
00:13 Orc Burrow
00:20 Altar of Storms
00:59 Orc Burrow
01:33 War Mill
01:59 Barracks
02:58 Voodoo Lounge
03:07 Orc Burrow
05:43 Stronghold
06:00 Orc Burrow
06:27 Orc Burrow
09:05 Fortress
09:26 Beastiary
13:40 Orc Burrow
14:39 Great Hall
17:45 Tauren Totem
20:14 Orc Burrow
20:56 Orc Burrow
25:09 Great Hall
29:33 Great Hall
30:52 War Mill
32:05 Great Hall
» items
| Healing Salve | 3 | |
| Potion of Healing | 2 | |
| Scroll of Town Portal | 6 | |
| Orb of Lightning | 1 | |
| Boots of Speed | 1 | |
| Potion of Lesser Invulnerability | 1 | |
14 total

»
PECKS-LIKE-GOKU (
blue | 52 APM | 1909 actions | 36:54)
5 Dark Ranger
3 Black Arrow
2 Silence
» actions
| Assign group hotkey | 48 | |
| Basic commands | 152 | |
| Build / train | 69 | |
| Enter build submenu | 27 | |
| Enter hero's abilities submenu | 6 | |
| Give item / drop item | 4 | |
| Remove unit from queue | 1 | |
| Right click | 757 | |
| Select / deselect | 321 | |
| Select group hotkey | 467 | |
| Use ability | 57 | |
1909 total
» units
| Peasant | 16 | |
| Rifleman | 11 | |
| Goblin Sapper | 5 | |
| Knight | 3 | |
35 total
» upgrades
| Gunpowder | 3 | |
| Long Rifles | 1 | |
| Armor | 1 | |
| Lumber Harvesting | 1 | |
| Masonry | 1 | |
7 total
» buildings
| Altar of Kings | 2 | |
| Farm | 8 | |
| Blacksmith | 1 | |
| Barracks | 3 | |
| Arcane Vault | 3 | |
| Scout Tower | 3 | |
| Arcane Tower | 1 | |
| Keep | 1 | |
| Lumber Mill | 3 | |
| Town Hall | 3 | |
| Castle | 2 | |
| Guard Tower | 1 | |
31 total
» build order
00:26 Altar of Kings
00:28 Farm
01:27 Blacksmith
01:45 Barracks
01:52 Barracks
02:02 Farm
02:15 Farm
03:12 Arcane Vault
03:15 Scout Tower
03:34 Farm
04:24 Arcane Tower
05:05 Keep
05:30 Farm
05:53 Barracks
06:00 Farm
06:00 Farm
06:01 Farm
09:11 Lumber Mill
10:07 Town Hall
10:53 Town Hall
13:28 Castle
13:28 Castle
13:51 Arcane Vault
13:55 Arcane Vault
19:11 Scout Tower
19:12 Scout Tower
20:47 Guard Tower
23:07 Town Hall
24:15 Altar of Kings
25:32 Lumber Mill
29:04 Lumber Mill
» items
| Scroll of Regeneration | 2 | |
| Potion of Healing | 2 | |
| Scroll of Town Portal | 7 | |
| Staff of Teleportation | 1 | |
| Potion of Lesser Invulnerability | 2 | |
| Potion of Mana | 1 | |
15 total
a6a (
green | 92 APM | 3090 actions | 33:29)
6 Dark Ranger
3 Black Arrow
2 Silence
1 Charm
5 Priestess of the Moon
3 Trueshot Aura
2 Searing Arrows
» actions
| Assign group hotkey | 28 | |
| Basic commands | 606 | |
| Build / train | 154 | |
| Enter build submenu | 20 | |
| Enter hero's abilities submenu | 11 | |
| Give item / drop item | 6 | |
| Remove unit from queue | 2 | |
| Right click | 942 | |
| Select / deselect | 663 | |
| Select group hotkey | 623 | |
| Use ability | 33 | |
3090 total
» units
| Wisp | 32 | |
| Archer | 53 | |
| Mountain Giant | 16 | |
101 total
» upgrades
| Strength of the Moon | 3 | |
| Moon Armor | 5 | |
| Improved Bows | 1 | |
| Hardened Skin | 1 | |
| Resistant Skin | 1 | |
| Marksmanship | 1 | |
12 total
» buildings
| Moon Well | 8 | |
| Altar of Elders | 1 | |
| Ancient of War | 4 | |
| Ancient of Wonders | 1 | |
| Tree of Ages | 3 | |
| Hunter's Hall | 1 | |
| Ancient of Lore | 1 | |
| Tree of Eternity | 1 | |
| Tree of Life | 2 | |
22 total
» build order
00:22 Moon Well
00:38 Altar of Elders
00:51 Ancient of War
01:48 Moon Well
02:12 Ancient of War
02:19 Ancient of Wonders
03:10 Tree of Ages
03:11 Tree of Ages
03:40 Moon Well
04:11 Hunter's Hall
04:42 Moon Well
06:15 Ancient of Lore
06:59 Tree of Eternity
08:31 Moon Well
09:50 Moon Well
13:42 Moon Well
15:05 Tree of Life
17:00 Moon Well
21:59 Tree of Life
22:09 Ancient of War
22:12 Ancient of War
» items
| Scroll of Town Portal | 2 | |
| Potion of Lesser Invulnerability | 1 | |
3 total
team 2 (loser)

»
imaboss (
orange | 52 APM | 464 actions | 08:54)
2 Far Seer
1 Chain Lighting
1 Feral Spirit
1 Tauren Chieftain
1 War Stomp
» actions
| Assign group hotkey | 9 | |
| Build / train | 25 | |
| Enter build submenu | 10 | |
| Enter hero's abilities submenu | 3 | |
| Give item / drop item | 1 | |
| Right click | 229 | |
| Select / deselect | 78 | |
| Select group hotkey | 75 | |
| Use ability | 34 | |
464 total
» units
» buildings
| Altar of Storms | 1 | |
| Orc Burrow | 3 | |
| Barracks | 1 | |
| Voodoo Lounge | 1 | |
| Stronghold | 2 | |
| War Mill | 1 | |
| Beastiary | 2 | |
11 total
» build order
00:14 Altar of Storms
00:26 Orc Burrow
00:40 Barracks
01:34 Orc Burrow
02:03 Voodoo Lounge
03:18 Stronghold
03:44 Orc Burrow
05:18 War Mill
05:52 Beastiary
05:58 Beastiary
» items
| Healing Salve | 2 | |
| Lesser Clarity Potion | 1 | |
| Scroll of Speed | 1 | |
| Scroll of Town Portal | 1 | |
5 total
pink_fez (
yellow | 63 APM | 2339 actions | 36:53)
6 Mountain King
3 Storm Bolt
2 Bash
1 Avatar
5 Paladin
3 Holy Light
2 Divine Shield
2 Far Seer
1 Chain Lighting
1 Feral Spirit
» actions
| Assign group hotkey | 53 | |
| Basic commands | 106 | |
| Build / train | 113 | |
| ESC pressed | 1 | |
| Enter build submenu | 48 | |
| Enter hero's abilities submenu | 13 | |
| Give item / drop item | 7 | |
| Right click | 754 | |
| Select / deselect | 381 | |
| Select group hotkey | 713 | |
| Use ability | 150 | |
2339 total
» units
| Peasant | 17 | |
| Footman | 6 | |
| Assassin | 1 | |
| Rifleman | 7 | |
| Wisp | 4 | |
| Gryphon Rider | 7 | |
| Knight | 4 | |
| Goblin Zeppelin | 1 | |
47 total
» upgrades
| Animal War Training | 1 | |
| Storm Hammers | 1 | |
| Cloud | 1 | |
| Masonry | 2 | |
| Swords | 3 | |
| Armor | 1 | |
9 total
» buildings
| Altar of Kings | 1 | |
| Farm | 11 | |
| Barracks | 2 | |
| Arcane Vault | 2 | |
| Town Hall | 7 | |
| Scout Tower | 19 | |
| Blacksmith | 2 | |
| Arcane Tower | 2 | |
| Keep | 1 | |
| Castle | 1 | |
| Lumber Mill | 1 | |
| Gryphon Aviary | 2 | |
| Guard Tower | 13 | |
64 total
» build order
00:17 Altar of Kings
00:20 Farm
00:34 Barracks
01:04 Farm
01:40 Farm
02:21 Arcane Vault
02:50 Farm
03:45 Town Hall
04:02 Scout Tower
04:29 Blacksmith
04:32 Arcane Tower
05:39 Keep
06:08 Scout Tower
06:24 Farm
06:52 Arcane Tower
06:55 Scout Tower
08:11 Castle
09:28 Barracks
11:04 Lumber Mill
11:14 Farm
11:29 Gryphon Aviary
11:35 Gryphon Aviary
12:23 Farm
12:44 Farm
13:41 Farm
14:22 Scout Tower
15:14 Guard Tower
15:15 Scout Tower
15:43 Guard Tower
15:47 Scout Tower
15:52 Scout Tower
16:24 Guard Tower
16:26 Scout Tower
16:34 Arcane Vault
17:15 Town Hall
20:10 Blacksmith
20:41 Guard Tower
20:56 Scout Tower
20:59 Scout Tower
21:07 Guard Tower
21:16 Scout Tower
21:42 Farm
21:45 Guard Tower
21:48 Scout Tower
22:16 Farm
23:13 Town Hall
25:18 Town Hall
26:41 Scout Tower
28:03 Scout Tower
28:08 Scout Tower
28:44 Guard Tower
28:52 Guard Tower
30:09 Town Hall
30:10 Guard Tower
31:24 Scout Tower
32:30 Town Hall
32:34 Scout Tower
32:38 Town Hall
33:24 Guard Tower
33:25 Scout Tower
33:53 Guard Tower
33:56 Guard Tower
33:57 Scout Tower
35:33 Guard Tower
» items
| Scroll of Regeneration | 7 | |
| Lesser Clarity Potion | 10 | |
| Potion of Healing | 6 | |
| Orb of Fire | 1 | |
| Potion of Lesser Invulnerability | 1 | |
25 total

»
NalgA (
teal | 61 APM | 509 actions | 08:23)
3 Priestess of the Moon
2 Trueshot Aura
1 Searing Arrows
1 Keeper of the Grove
1 Entangling Roots
» actions
| Assign group hotkey | 16 | |
| Basic commands | 17 | |
| Build / train | 33 | |
| Enter build submenu | 11 | |
| Enter hero's abilities submenu | 4 | |
| Right click | 189 | |
| Select / deselect | 104 | |
| Select group hotkey | 118 | |
| Use ability | 17 | |
509 total
» units
» buildings
| Altar of Elders | 1 | |
| Moon Well | 4 | |
| Ancient of War | 1 | |
| Ancient of Wonders | 1 | |
| Tree of Ages | 6 | |
| Hunter's Hall | 1 | |
| Tree of Life | 1 | |
| Ancient of Wind | 1 | |
16 total
» build order
01:09 Altar of Elders
01:12 Moon Well
01:34 Ancient of War
02:04 Moon Well
02:08 Ancient of Wonders
03:20 Tree of Ages
03:20 Tree of Ages
03:20 Tree of Ages
03:20 Tree of Ages
03:40 Moon Well
05:19 Hunter's Hall
05:22 Moon Well
06:04 Tree of Life
06:40 Ancient of Wind
Victorino33 (
pink | 41 APM | 821 actions | 19:50)
2 Priestess of the Moon
1 Searing Arrows
1 Trueshot Aura
1 Far Seer
1 Feral Spirit
» actions
| Assign group hotkey | 24 | |
| Build / train | 29 | |
| Enter build submenu | 15 | |
| Enter hero's abilities submenu | 3 | |
| Remove unit from queue | 1 | |
| Right click | 319 | |
| Select / deselect | 182 | |
| Select group hotkey | 214 | |
| Use ability | 33 | |
821 total
» units
» upgrades
| Strength of the Moon | 1 | |
| Moon Armor | 1 | |
2 total
» buildings
| Altar of Elders | 2 | |
| Moon Well | 6 | |
| Hunter's Hall | 1 | |
| Ancient of War | 2 | |
| Ancient Protector | 1 | |
| Tree of Ages | 1 | |
13 total
» build order
00:17 Altar of Elders
00:26 Moon Well
01:19 Hunter's Hall
01:58 Ancient of War
02:17 Moon Well
03:20 Ancient of War
04:12 Ancient Protector
05:29 Moon Well
10:18 Tree of Ages
10:42 Moon Well
11:43 Moon Well
14:18 Altar of Elders
14:31 Moon Well
Chat log
(00:04 / Allies) SiShKeH: rush ?
(00:07 / All) pink_fez: of course we'd get the lagging shithead
(00:14 / All) PECKS-LIKE-GOKU: he did it last game too
(00:23 / Allies) SiShKeH: everyone down for a rush ?
(00:24 / All) pink_fez: does he suck as bad as he lags?
(00:32 / Allies) 78704: im ok with rush
(00:34 / All) PECKS-LIKE-GOKU: i dont know i left
(00:44 / Allies) SiShKeH: green and blue cant rush
(00:44 / Allies) SiShKeH: nvm
(00:49 / Allies) PECKS-LIKE-GOKU: why not?
(00:56 / Allies) SiShKeH: kk lets rush then
(01:34 / Allies) PECKS-LIKE-GOKU: give control for tav her green
(02:30 / Allies) PECKS-LIKE-GOKU: control red
(02:34 / Allies) PECKS-LIKE-GOKU: stay there dammit
(02:39 / Allies) 78704: \
(02:39 / Allies) PECKS-LIKE-GOKU: fucking niggers
(02:40 / Allies) PECKS-LIKE-GOKU: i swear
(05:09 / Allies) 78704: almost ready?
(05:13 / Allies) SiShKeH: im rdy
(05:20 / Allies) 78704: everyone?
(05:23 / Allies) SiShKeH: meet
(06:10 / Allies) PECKS-LIKE-GOKU: expo elf
(08:03 / All) pink_fez: wow
(08:07 / All) pink_fez: what freakin morons
(08:12 / All) PECKS-LIKE-GOKU: lol
(08:14 / All) PECKS-LIKE-GOKU: how so?
(08:19 / All) pink_fez: this is what you get
(08:22 / All) pink_fez: when your 5-0
(08:27 / All) pink_fez: you get teamed with the shit of bnet
(08:28 / All) PECKS-LIKE-GOKU: lawl true
(08:31 / All) PECKS-LIKE-GOKU: i started 5-0 too
(08:44 / All) imaboss: gg too much lag. :CCC
(08:59 / All) pink_fez: too much noobass shit on here
(10:50 / All) SiShKeH: lol yello the tryhard
(10:57 / All) pink_fez: i would so rape you noobs
(10:59 / All) pink_fez: with a team
(11:02 / All) PECKS-LIKE-GOKU: lol
(11:04 / All) PECKS-LIKE-GOKU: aka?
(11:07 / All) pink_fez: but alas
(11:09 / All) pink_fez: 4v1
(11:18 / All) PECKS-LIKE-GOKU: aka kodos_Forsaken?
(11:25 / All) pink_fez: ourlady-craft
(11:29 / All) PECKS-LIKE-GOKU: oo
(11:31 / All) pink_fez: from old time
(11:31 / All) PECKS-LIKE-GOKU: u arnet u oldschool
(11:41 / All) PECKS-LIKE-GOKU: i forget
(11:47 / All) PECKS-LIKE-GOKU: either u or tower craft was the maphacker
(11:49 / All) PECKS-LIKE-GOKU: i think it was him
(11:59 / All) pink_fez: i dont hack
(12:04 / All) PECKS-LIKE-GOKU: them then brother
(12:07 / All) PECKS-LIKE-GOKU: i meant u no offense
(12:08 / All) pink_fez: why would i?
(12:15 / All) pink_fez: im good enough i dont need to
(12:27 / All) pink_fez: you in GGL kodos?
(12:33 / Allies) PECKS-LIKE-GOKU: '
(12:40 / All) PECKS-LIKE-GOKU: im just his acquaintence he is a hard guy to get along with
(12:50 / All) pink_fez: yep
(12:51 / All) PECKS-LIKE-GOKU: since we're on the subject of oldschool
(12:55 / All) pink_fez: like my dickweed allies
(12:59 / All) PECKS-LIKE-GOKU: what was that pair'sname
(13:04 / All) PECKS-LIKE-GOKU: the 2 that talked shit
(13:08 / All) PECKS-LIKE-GOKU: barnes and cecil
(13:09 / All) PECKS-LIKE-GOKU: or some shit
(13:58 / All) pink_fez: sup
(14:08 / All) PECKS-LIKE-GOKU: i would stab my team but i dont think i can take them with rifles, sorry brother
(14:13 / All) pink_fez: try it
(14:19 / All) pink_fez: lets see if it would happen ;o)
(14:47 / All) PECKS-LIKE-GOKU: ok
(15:09 / All) PECKS-LIKE-GOKU: need to buy sappers to rape purples base w/o him noticing
(15:38 / All) pink_fez: there you go
(15:39 / All) pink_fez: tp out
(16:15 / All) PECKS-LIKE-GOKU: lol
(16:23 / Allies) SiShKeH: we lost
(16:23 / Allies) SiShKeH: lol
(16:24 / All) PECKS-LIKE-GOKU: purp base down
(16:29 / All) pink_fez: you with me bro?
(16:33 / All) PECKS-LIKE-GOKU: u have my word
(16:35 / All) PECKS-LIKE-GOKU: friend
(16:41 / All) SiShKeH: fucking queers lol
(16:41 / All) pink_fez: GIVE ME SIGHT
(16:42 / All) PECKS-LIKE-GOKU: scout purp base
(16:44 / All) pink_fez: tell me where to go
(16:48 / All) pink_fez: and we do this
(16:55 / All) PECKS-LIKE-GOKU: green expo top our side near riv
(16:57 / All) PECKS-LIKE-GOKU: green middle
(16:59 / All) PECKS-LIKE-GOKU: army
(17:19 / All) pink_fez: who do i hit
(17:30 / All) PECKS-LIKE-GOKU: uh bot right near riv red
(17:36 / All) PECKS-LIKE-GOKU: burrows grunts
(17:59 / All) PECKS-LIKE-GOKU: nvm he is dieing
(18:03 / All) PECKS-LIKE-GOKU: yes go there
(18:06 / All) pink_fez: lower right?
(18:10 / All) pink_fez: first or second
(18:13 / All) PECKS-LIKE-GOKU: near riv
(18:53 / All) PECKS-LIKE-GOKU: dont matter if u lose
(18:56 / All) PECKS-LIKE-GOKU: purp base dead so is greens
(19:36 / All) pink_fez: too many morons
(19:41 / All) PECKS-LIKE-GOKU: we got this
(19:54 / All) pink_fez: cant play with 3v1
(19:56 / All) PECKS-LIKE-GOKU: yes
(19:56 / All) pink_fez: noobshit blocking
(20:10 / All) PECKS-LIKE-GOKU: need me to come to ur base?
(20:22 / All) SiShKeH: suck his dick while ur at it
(20:24 / All) pink_fez: i might
(20:34 / All) pink_fez: sure come on up
(20:40 / All) PECKS-LIKE-GOKU: ill get tp staff for starfall cancel
(22:25 / All) PECKS-LIKE-GOKU: hit
(22:26 / All) PECKS-LIKE-GOKU: uh
(22:28 / All) pink_fez: where
(22:29 / All) PECKS-LIKE-GOKU: red now
(22:36 / All) pink_fez: botttom?
(22:39 / All) PECKS-LIKE-GOKU: actually meet me at middle we'll take green
(22:41 / All) PECKS-LIKE-GOKU: reds ase is gone
(23:36 / All) PECKS-LIKE-GOKU: what ar eu doing
(23:41 / Allies) SiShKeH: green go
(23:58 / All) pink_fez: go
(24:12 / Allies) SiShKeH: u guys shoulda been together
(24:14 / Allies) SiShKeH: now we lose..
(24:21 / Allies) SiShKeH: wasting ur time
(24:39 / All) SiShKeH: NOOOO
(24:41 / All) SiShKeH: DO NOT
(24:49 / All) SiShKeH: NOT MY SHAMANS
(25:02 / All) PECKS-LIKE-GOKU: nobody has expos green is kiling my base he just has archers
(25:08 / All) PECKS-LIKE-GOKU: no gold
(25:14 / All) pink_fez: go where
(25:25 / All) pink_fez: direct me, brother
(25:26 / All) PECKS-LIKE-GOKU: well u can finish off red or hit top right
(26:19 / Allies) SiShKeH: !WHOIS PINK_FEZ
(26:24 / All) PECKS-LIKE-GOKU: my dr is important to stay alive for canceling starfall
(27:20 / All) PECKS-LIKE-GOKU: did i do well brohter? I could have communicated better but i was focused on on geting them
(27:30 / All) pink_fez: you did fine
(27:37 / All) pink_fez: im in this to win this
(28:10 / All) SiShKeH: homos -.-
(28:14 / All) pink_fez: gj
(28:28 / All) pink_fez: we got this bro
(28:45 / All) PECKS-LIKE-GOKU: got greends potm
(28:49 / All) PECKS-LIKE-GOKU: LOL
(28:53 / All) pink_fez: excellent
(29:07 / All) PECKS-LIKE-GOKU: AN OLE tp staff trick
(29:12 / All) pink_fez: yes
(29:13 / All) pink_fez: i love that
(29:39 / All) pink_fez: if you tell me where
(29:44 / All) pink_fez: any armies left?
(29:48 / All) PECKS-LIKE-GOKU: green just has one mg dr top left
(30:01 / All) pink_fez: do you need this shop?
(30:05 / All) PECKS-LIKE-GOKU: no kill my shit
(30:07 / All) PECKS-LIKE-GOKU: he cant touch u
(30:15 / All) PECKS-LIKE-GOKU: do u care if i post on wcr
(30:19 / All) pink_fez: ofc not
(30:39 / All) pink_fez: how many towers left side?
(30:46 / All) PECKS-LIKE-GOKU: got his dr
(30:50 / All) PECKS-LIKE-GOKU: same trick lol
(30:52 / All) pink_fez: excellent!
(31:12 / All) pink_fez: do you need tower?
(31:18 / All) PECKS-LIKE-GOKU: no just kill everything
(31:41 / All) PECKS-LIKE-GOKU: what clan u in now or do u post no wcr?
(31:43 / All) pink_fez: excellent
(31:49 / All) pink_fez: hysterical
(31:53 / All) pink_fez: and also
(31:57 / All) pink_fez: truly gratifying
(32:00 / All) PECKS-LIKE-GOKU: yes
(32:05 / All) PECKS-LIKE-GOKU: i gave u my word i would get the job one
(32:08 / All) PECKS-LIKE-GOKU: or die trying
(32:10 / All) pink_fez: after getting stuck with such crap at start
(32:21 / All) pink_fez: you did a fabulous job
(32:23 / All) pink_fez: and i am proud
(32:29 / All) PECKS-LIKE-GOKU: i have been doing this since 2006
(32:44 / All) PECKS-LIKE-GOKU: difficult to do with strangers cuz of the trust factor
(33:00 / All) pink_fez: well if you got 3 morons on your team like i did
(33:06 / All) pink_fez: i will take anything in 4s
(33:13 / All) PECKS-LIKE-GOKU: red u are a sneaky devil
(33:17 / All) PECKS-LIKE-GOKU: trying to expo behind my back
(33:42 / All) pink_fez: is that it?
(33:47 / All) pink_fez: any left?
(34:15 / All) PECKS-LIKE-GOKU: care
(34:24 / All) PECKS-LIKE-GOKU: dont*
(34:33 / All) PECKS-LIKE-GOKU: really no point
(34:35 / All) PECKS-LIKE-GOKU: tho
(34:37 / All) pink_fez: its been awhile
(34:39 / All) PECKS-LIKE-GOKU: im told high ell rt is so bad
(34:40 / All) PECKS-LIKE-GOKU: now
(34:52 / All) pink_fez: have they changed matching in the last year?
(34:55 / All) PECKS-LIKE-GOKU:
(35:07 / All) PECKS-LIKE-GOKU: 4 new maps
(35:09 / All) PECKS-LIKE-GOKU: thats about it
(35:28 / All) pink_fez: where am i going
(35:37 / All) PECKS-LIKE-GOKU: thats last building
(35:48 / All) pink_fez: ok
(36:04 / All) pink_fez: gg bud
(36:17 / All) PECKS-LIKE-GOKU: did u play 4v4rt in the glory days when everybody idle heroed like mugaro and immessingaround
(36:34 / All) pink_fez: yes
(36:39 / All) PECKS-LIKE-GOKU: i go by mugaroiscool and flamechamp on wcr for future knowledge!
(36:40 / All) pink_fez: back in '04 ' 05
(36:46 / All) pink_fez: ok
(36:50 / All) PECKS-LIKE-GOKU: ill upload now
(36:50 / All) pink_fez: add me